 Dungeon Crawl Stone Soup version 0.22.1-1-ga44c0e5 (webtiles) character file.

943 Benis312 the Conjurer (level 7, -3/56 HPs)
             Began as a Pale Draconian Conjurer on Oct 30, 2018.
             Was a Follower of Vehumet.
             Killed from afar by an orc wizard (6 damage)
             ... with a magic dart
             ... on level 4 of the Dungeon.
             The game lasted 00:23:27 (6116 turns).

Benis312 the Conjurer (Pale Draconian Conjurer)     Turns: 6116, Time: 00:23:27

Health: -3/56      AC:  8    Str: 10    XL:     7   Next: 88%
Magic:  3/12       EV: 13    Int: 17    God:    Vehumet [*.....]
Gold:   292        SH:  0    Dex: 12    Spells: 1/13 levels left

rFire    . . .     SeeInvis +   c - +3 spear (pierce)
rCold    . . .     Gourm    .   (no shield)
rNeg     . . .     Faith    .   (armour unavailable)
rPois    .         Spirit   .   (helmet restricted)
rElec    .         Reflect  .   (no cloak)
rCorr    .         Harm     .   o - +0 pair of gloves
MR       .....                  h - +0 pair of boots
Stlth    ++........             f - amulet of magic regeneration
HPRegen  0.18/turn              a - ring of see invisible
MPRegen  0.38/turn              (no ring)

@: no status effects
A: breathe steam, unfitting armour, cold-blooded, AC +6
a: Breathe Steam, Renounce Religion


You were on level 4 of the Dungeon.
You worshipped Vehumet.
Vehumet was aware of your devotion.
You were very hungry.

You visited 2 branches of the dungeon, and saw 7 of its levels.

You collected 292 gold pieces.

Inventory:

Hand Weapons
 c - a +3 spear of piercing (weapon)
Armour
 h - a +0 pair of boots (worn)
 o - a +0 pair of gloves (worn)
Jewellery
 a - a ring of see invisible (left hand)
 f - an amulet of magic regeneration (around neck)
Wands
 l - a wand of polymorph (14)
 n - a wand of acid (7)
 p - a wand of random effects (11)
Scrolls
 e - a scroll of magic mapping
 i - 2 scrolls of teleportation
 k - a scroll of amnesia {unknown}
 m - 2 scrolls of remove curse
 q - a scroll of identify
 r - a scroll of enchant armour {unknown}
 s - a scroll of enchant weapon
Potions
 b - a potion of cancellation
 d - a potion of flight
 g - a potion of heal wounds
 u - a potion of haste {unknown}
 v - a potion of curing {unknown}
Comestibles
 j - 2 rations
 t - 2 chunks of flesh


   Skills:
 + Level 2.3 Fighting
 + Level 4.2 Polearms
 + Level 3.6 Dodging
 + Level 2.8 Stealth
 + Level 3.7 Spellcasting
 + Level 6.1 Conjurations
 + Level 1.3 Hexes


You had one spell level left.
You knew the following spells:

 Your Spells              Type           Power        Failure   Level  Hunger
a - Magic Dart            Conj           ###.         1%          1    None
b - Dazzling Spray        Conj/Hex       ###...       11%         3    ###....
c - Iskenderun's Mystic   Conj           ###.....     13%         4    ####...
d - Force Lance           Conj/Tloc      ##......     41%         4    ####...

Your spell library contained the following spells:

 Spells                   Type           Power        Failure   Level  Hunger
 Sandblast                Erth           #.....       16%         1    None
 Searing Ray              Conj           ###...       1%          2    ##.....
 Fulminant Prism          Conj/Hex       ###.......   34%         4    ####...


Dungeon Overview and Level Annotations

Branches:
Dungeon (6/15)             Temple (1/1) D:5

Altars:
Ashenzari
Cheibriados
Dithmenos
Elyvilon
Fedhas
Gozag
Hepliaklqana
Kikubaaqudgha
Nemelex Xobeh
Okawaru
Ru
Sif Muna
Uskayaw
Vehumet
Yredelemnul
Zin
The Shining One

Annotations:
D:4 Blork the orc


Innate Abilities, Weirdness & Mutations

You can breathe blasts of scalding, opaque steam.
Your pale cyan-grey scales are hard. (AC +6)
You cannot fit into any form of body armour.
You are cold-blooded and may be slowed by cold attacks.


Message History

Beogh smites you!
You hear a shout!
Casting: Iskenderun's Mystic Blast (safe; 13% risk of failure)
Confirm with . or Enter, or press ? or * to list all spells.
You don't have enough magic to cast that spell.
Casting: Iskenderun's Mystic Blast (safe; 13% risk of failure)
Confirm with . or Enter, or press ? or * to list all spells.
You don't have enough magic to cast that spell.
The orc wizard barely misses you.
The orc wizard gestures at you while chanting.
The puff of flame hits you!
The orc priest calls down the wrath of Beogh upon you.
Beogh smites you!
* * * LOW HITPOINT WARNING * * *
The orc wizard gestures at you while chanting.
The puff of flame hits you!
* * * LOW HITPOINT WARNING * * *
The orc wizard gestures at you while chanting.
The magic dart hits you!
You die...

.........#..#..#..#..#
......#.##...#..#..#..#...# #.
......#.##.#..#..#.. ..#..# ...
#######.##..#..#.. #....# ....
#.###....... ....##.... #.#
##.### .....(.. . #######.#####.#
###### #.oo.. ...
..............###...o###..##.....
................@..o..oo..%......
#######.###....##...o####.##..###
#.# #....######## #..# # #####.#
#...........# ##.# #.#.#.#.#
#....######## ..
#.#.#.#.###....##########.#..
..#.#.....................#.>.
.........##...#####............
#.#.#.#).##...#####.........


You could see Blork the orc, an orc priest, an orc wizard (invisible) and 2
orcs.

Vanquished Creatures
  An ogre (D:5)
  A centaur (D:5)
  A bullfrog (D:6)
  2 scorpions (D:6)
  A crimson imp (D:6)
  A hound (D:4)
  A bullfrog zombie (D:6)
  2 jellies (D:5)
  A bullfrog skeleton (D:4)
  An orc priest (D:4)
  An iguana (D:6)
  3 orc wizards
  2 worker ants
  A killer bee zombie (D:5)
  A hound skeleton (D:6)
  A howler monkey skeleton (D:5)
  7 adders
  A shadow imp (D:5)
  A worm (D:2)
  4 dart slugs
  2 leopard geckos
  18 orcs
  A ball python (D:1)
  7 bats
  4 giant cockroaches
  11 goblins
  8 hobgoblins
  9 jackals (D:5)
  11 kobolds
  A quokka (D:5)
  5 frilled lizards
  A jackal zombie (D:3)
  6 rats
118 creatures vanquished.

Vanquished Creatures (others)
  A hobgoblin (D:2)
1 creature vanquished.

Grand Total: 119 creatures vanquished

Notes
Turn   | Place    | Note
-------+----------+-------------------------------------------
     0 | D:1      | Benis312 the Draconian Conjurer began the quest for the
                  | Orb.
     0 | D:1      | Reached XP level 1. HP: 14/14 MP: 3/3
   440 | D:1      | Reached XP level 2. HP: 20/20 MP: 5/5
   790 | D:1      | Reached XP level 3. HP: 27/27 MP: 6/6
   801 | D:1      | Learned a level 3 spell: Dazzling Spray
   920 | D:1      | Reached skill level 1 in Polearms
  1426 | D:2      | Reached skill level 1 in Fighting
  1497 | D:2      | Found an opulent altar of Gozag.
  1600 | D:2      | Found a glowing golden altar of the Shining One.
  1669 | D:2      | Reached XP level 4. HP: 35/35 MP: 7/7
  2364 | D:3      | Reached XP level 5. HP: 22/40 MP: 8/8
  2903 | D:3      | Found a shattered altar of Ashenzari.
  2911 | D:3      | You fall through a shaft for 3 floors!
  3069 | D:6      | Reached skill level 5 in Conjurations
  3399 | D:6      | Reached XP level 6. HP: 48/48 MP: 1/9
  3408 | D:6      | Learned a level 4 spell: Iskenderun's Mystic Blast
  3616 | D:6      | Reached skill level 1 in Hexes
  3984 | D:6      | Noticed an orc warrior
  3992 | D:5      | Entered Level 5 of the Dungeon
  3992 | D:5      | Found a staircase to the Ecumenical Temple.
  4025 | Temple   | Entered the Ecumenical Temple
  4258 | Temple   | Became a worshipper of Vehumet
  4425 | D:5      | Your scales start taking on a pale cyan-grey colour.
  4425 | D:5      | Reached XP level 7. HP: 55/55 MP: 8/11
  4882 | D:5      | Learned a level 4 spell: Force Lance
  5937 | D:4      | Reached skill level 6 in Conjurations
  5939 | D:4      | Reached * piety under Vehumet
  5939 | D:4      | Offered knowledge of Sandblast by Vehumet.
  6098 | D:4      | Noticed Blork the orc
  6116 | D:4      | Killed from afar by an orc wizard

Skill      XL: |  1  2  3  4  5  6  7 |
---------------+----------------------+-----
Dodging        | 2 3 |  3.6
Polearms       | 1 2 3 4 |  4.2
Fighting       | 1 2 |  2.3
Stealth        | 2 |  2.8
Conjurations   | 5 6 |  6.1
Hexes          | 1 |  1.3
Spellcasting   | 3 |  3.7

Action                   |  1- 3 |  4- 6 |  7- 9 || total
-------------------------+-------+-------+-------++-------
Melee: Spear             |    90 |   144 |    71 ||   305
       Tailslap          |     4 |    17 |     5 ||    26
 Cast: Magic Dart        |    30 |    47 |    31 ||   108
       Dazzling Spray    |     3 |    20 |    11 ||    34
       Iskenderun's Myst |       |     2 |    10 ||    12
       Force Lance       |       |       |     4 ||     4
 Abil: Breathe Steam     |       |       |     1 ||     1
  Use: Scroll            |     4 |     4 |       ||     8
       Potion            |     4 |     3 |       ||     7
 Stab: Sleeping          |     2 |     1 |       ||     3
       Invisible         |       |     1 |     1 ||     2
  Eat: Ration            |     1 |     4 |     1 ||     6
       Chunk             |       |     1 |     3 ||     4
Armor: Skin              |    28 |    56 |    28 ||   112
Dodge: Dodged            |    63 |   116 |    78 ||   257
